cohdb
Replays
Latest Replays
All Replays
Popular Replays
Top Player Replays
Match Explorer
How It Works
Community
CoH3 Stats
Reddit
Sign in to upload your games and track your stats! →
Sign in with Steam
Match 45832707
Unlisted
Match 45832707
Overview
Messages
Build Orders
End
Pioneer Squad
Construct Infanterie Kompanie
Grenadier Squad
Selects Mechanized Battlegroup
Grenadier Squad
MG 42 Machine Gun Team
Construct Luftwaffe Kompanie
Medical Station
221 Scout Car
Selects Raid Package
Jäger Squad
Flak 30 Anti-aircraft Gun Team
Jäger Squad
Infanterie Officer Quarters
Luftwaffe Officer Quarters
Selects StuG Assault Group
Support Elements
Marder III M Tank Destroyer
Marder III M Tank Destroyer
Jäger Squad
Jäger Squad
Selects Panther Heavy Tank
Panther Heavy Tank
Pioneer Squad
Selects Spotting Scopes
Selects Stoßtruppen Assault Package
Panther Heavy Tank
Pioneer Squad
Selects Mechanized Assault
Construct Panzer Kompanie
Panzer Officer Quarters
✠Kaiser✠ tushkan
✠Kaiser✠ PERVITIN
Seocheon
CalmDownJustAGame
0
0
Comments
sign in to comment!
No comments posted yet!